 Dungeon Crawl Stone Soup version 0.30.0-3-ga4e48a9924 (webtiles) character file.

Game seed: 13784552077768565907

4662 Lobster4 the Ruffian (level 10, 0/94 HPs)
             Began as a Troll Fighter on May 7, 2023.
             Was the Champion of Uskayaw.
             Slain by a cyan ugly thing (17 damage)
             ... on level 9 of the Dungeon.
             The game lasted 00:15:18 (6624 turns).

Lobster4 the Ruffian (Troll Fighter)                Turns: 6624, Time: 00:15:18

Health: 0/94       AC:  6    Str: 26    XL:     10   Next: 20%
Magic:  21/21      EV:  9    Int:  8    God:    Uskayaw [******]
Gold:   488        SH: 13    Dex:  9    Spells: 13/14 levels left

rFire   . .          .
                       - Unarmed
rCold   . . .        b - +0 kite shield
rNeg    + . .        z - +0 troll leather armour
rPois   .            (helmet restricted)
rElec   .            (no cloak)
rCorr   .            (gloves unavailable)
SInv    .            (boots unavailable)
Will    .....        g - amulet of reflection
Stlth   +            q - ring of positive energy
HPRegen 1.95/turn    o - ring of magical power
MPRegen 0.17/turn

%: reflection
@: mighty
A: large, unfitting armour, claws 3, regeneration 1, shaggy fur 1, tough skin 1
a: Renounce Religion, Stomp, Line Pass, Grand Finale


You were on level 9 of the Dungeon.
You worshipped Uskayaw.
Uskayaw was noncommittal.
You visited 1 branch of the dungeon, and saw 9 of its levels.

You collected 488 gold pieces.

Inventory:

Hand Weapons
 e - a +0 war axe
 f - a +0 club
 m - a +0 sling
 n - a +0 mace
 D - a +0 giant club
Missiles
 A - 3 javelins
 H - 3 boomerangs (quivered)
 J - a curare-tipped dart
Armour
 b - a +0 kite shield (worn)
 y - a +1 robe of fire resistance
 z - a +0 troll leather armour (worn)
Magical Staves
 w - a staff of poison
Jewellery
 g - an amulet of reflection (around neck)
 j - a ring of ice
 l - a ring of willpower
 o - a ring of magical power (right claw)
 p - an amulet of the acrobat
 q - a ring of positive energy (left claw)
 v - a ring of flight
Scrolls
 h - 2 scrolls of poison {unknown}
 k - 2 scrolls of teleportation
 s - 2 scrolls of vulnerability {unknown}
 t - a scroll of brand weapon
 B - 2 scrolls of silence {unknown}
 C - a scroll of amnesia
 E - 3 scrolls of noise {unknown}
 F - a scroll of magic mapping {unknown}
 I - a scroll of fear
Potions
 a - a potion of brilliance {unknown}
 c - a potion of might
 d - 5 potions of invisibility
 i - 6 potions of curing
 r - a potion of flight
 x - a potion of heal wounds
Miscellaneous
 u - a phial of floods


   Skills:
 + Level 4.5 Fighting
 + Level 3.9 Maces & Flails
 + Level 3.9 Throwing
 + Level 3.4 Armour
 + Level 4.4 Dodging
 + Level 4.9 Shields
 * Level 6.8 Unarmed Combat
 + Level 2.5 Spellcasting
 - Level 3.0 Earth Magic
 - Level 3.0 Invocations
 + Level 2.4 Evocations


You had 13 spell levels left.
You knew the following spells:

 Your Spells              Type           Power      Damage    Failure   Level
a - Sandblast             Erth           10%        2d5       22%         1

Your spell library contained the following spells:

 Spells                   Type           Power      Damage    Failure   Level
 Lesser Beckoning         Tloc           2%         N/A       75%         2
 Gell's Gravitas          Tloc           1%         N/A       92%         3
 Ozocubu's Armour         Ice            1%         N/A       92%         3
 Teleport Other           Tloc           1%         N/A       92%         3
 Metabolic Englaciation   Hex/Ice        0%         N/A       100%        5
 Simulacrum               Ice/Necr       0%         N/A       100%        6


Dungeon Overview and Level Annotations

Branches:
Dungeon (9/15)             Temple (0/1) D:6
   Lair: D:8-11         Orc: D:9-12

Altars:
Cheibriados
Gozag
Hepliaklqana
Uskayaw
Vehumet

Portals:
Abyss: D:1***

Annotations:
D:4 3 runed translucent doors, wolfgangpup's ghost, amateur GrDe


Innate Abilities, Weirdness & Mutations

You are too large for most types of armour.
You have claws for hands.
Your natural rate of healing is unusually fast.
You are covered in fur. (AC +1)
You have tough skin. (AC +1)


Message History

You mangle the purple ugly thing!!
You kill the purple ugly thing!
A black mamba comes into view.
The black mamba moves out of view.
Your phial of floods has recharged.
You closely miss the cyan ugly thing. You block the cyan ugly thing's attack.
An orc comes into view. It is wielding a +0 hand axe.
You barely miss the cyan ugly thing.
The orc shouts!
You hear a roar!
You block the cyan ugly thing's attack.
You hear a loud, deep croak!
You claw the cyan ugly thing!
The cyan ugly thing is lightly wounded.
The cyan ugly thing claws you! The cyan ugly thing shocks you!
You barely miss the cyan ugly thing.
The cyan ugly thing is lightly wounded.
The cyan ugly thing claws you. The cyan ugly thing shocks you!
You claw the cyan ugly thing!
The cyan ugly thing is moderately wounded.
You block the cyan ugly thing's attack.
You barely miss the cyan ugly thing.
The cyan ugly thing is moderately wounded.
You block the cyan ugly thing's attack.
You claw the cyan ugly thing!
The cyan ugly thing is heavily wounded.
The cyan ugly thing claws you. The cyan ugly thing shocks you!
You claw the cyan ugly thing!
The cyan ugly thing is severely wounded.
The cyan ugly thing barely misses you.
A cyclops comes into view.
You claw the cyan ugly thing!
The cyan ugly thing is almost dead.
The cyan ugly thing claws you! The cyan ugly thing shocks you!
* * * LOW HITPOINT WARNING * * *
You scratch the cyan ugly thing.
The cyan ugly thing is almost dead.
The cyan ugly thing claws you!
* * * LOW HITPOINT WARNING * * *
The cyan ugly thing shocks you!
You die...

# #..# #..... .. #..##
.... ...######... .y.
...W......# #.#
..........# # #.#####
..u.D...oo# #. ##......
........oD# #.####.....).
.C....^.#u# #......#.....
K.......#@# ###.>..#.....
........#.# #...###.....
........#.# #.#.†.......
........#.#####.#######.##
...######.#.....# #.#†
...........##### #..[
.........## ######.
########## #<...#. ####.#.


You could see a cyan ugly thing, a steam dragon, an orc warrior, an orc wizard
and an orc.

Vanquished Creatures
  An ugly thing (D:9)
  A cyclops (D:9)
  A troll (D:9)
  A wyvern (D:8)
  4 yaks (D:8)
  Edmund (D:4)
  Menkaure (D:4)
  2 water moccasins
  An orc warrior (D:5)
  An ice beast (D:6)
  A black bear (D:7)
  2 sky beasts
  An ogre (D:5)
  3 centaurs
  A phantom (D:5)
  3 kobold brigands
  A gnoll sergeant (D:8)
  Blork the orc (D:5)
  2 bullfrogs
  4 scorpions
  2 killer bees (D:9)
  2 howler monkeys (D:9)
  A jelly (D:6)
  2 hounds
  3 orc priests
  4 sleepcaps
  Jessica (D:3)
  Terence (D:2)
  Natasha (thrice) (D:4)
  2 iguanas
  2 orc wizards (D:8)
  10 gnolls
  5 adders
  A shadow imp (D:6)
  A white imp (D:4)
  An ufetubus (D:4)
  A worm (D:5)
  2 dart slugs
  17 orcs
  6 endoplasms
  A giant cockroach (D:4)
  8 goblins
  7 hobgoblins
  10 jackals
  3 quokkas
  9 ball pythons
  4 frilled lizards (D:1)
  26 kobolds
  3 rats (D:1)
171 creatures vanquished.

Vanquished Creatures (others)
  A plant (D:1)
1 creature vanquished.

Grand Total: 172 creatures vanquished

Notes
Turn   | Place    | Note
-------+----------+-------------------------------------------
     0 | D:1      | Lobster4 the Troll Fighter began the quest for the Orb.
     0 | D:1      | Reached XP level 1. HP: 22/22 MP: 0/0
   101 | D:1      | Reached XP level 2. HP: 29/29 MP: 1/1
   965 | D:2      | Reached XP level 3. HP: 36/36 MP: 2/2
  1019 | D:2      | Found a faded altar of an unknown god.
  1034 | D:2      | Got Plato's Encyclopedia of Grit
  1080 | D:2      | Noticed Terence
  1109 | D:2      | Killed Terence
  1110 | D:2      | Reached skill level 3 in Unarmed Combat
  1110 | D:2      | Reached XP level 4. HP: 32/44 MP: 3/3
  1426 | D:2      | Learned a level 1 spell: Sandblast
  1591 | D:3      | Noticed Jessica
  1600 | D:3      | Killed Jessica
  1601 | D:3      | Reached skill level 1 in Throwing
  1772 | D:3      | Found a radiant altar of Vehumet.
  1902 | D:3      | Reached skill level 1 in Maces & Flails
  2083 | D:3      | Reached XP level 5. HP: 40/52 MP: 4/4
  2424 | D:4      | Noticed Edmund
  2440 | D:4      | Noticed Menkaure
  2443 | D:4      | Killed Edmund
  2444 | D:4      | Reached skill level 1 in Armour
  2444 | D:4      | Reached XP level 6. HP: 11/59 MP: 0/5
  2549 | D:4      | Killed Menkaure
  2550 | D:4      | Reached skill level 1 in Earth Magic
  2709 | D:4      | Reached skill level 4 in Unarmed Combat
  2722 | D:4      | Reached XP level 7. HP: 67/67 MP: 7/7
  2752 | D:4      | Reached skill level 1 in Spellcasting
  2864 | D:4      | Noticed Natasha
  2866 | D:4      | Killed Natasha
  2908 | D:4      | Found a hide-covered altar of Uskayaw.
  2914 | D:4      | Became a worshipper of Uskayaw the Reveller
  2918 | D:4      | Found a hazy altar of Hepliaklqana.
  2923 | D:4      | Found an opulent altar of Gozag.
  2979 | D:4      | Noticed Natasha
  2983 | D:4      | Reached * piety under Uskayaw
  2985 | D:4      | Reached ** piety under Uskayaw
  2986 | D:4      | Killed Natasha
  3222 | D:4      | Found a runed translucent gate.
  3223 | D:4      | Found a runed translucent gate.
  3223 | D:4      | Found a runed translucent gate.
  3227 | D:4      | Noticed wolfgangpup's ghost (amateur GrDe)
  3435 | D:4      | Noticed Natasha
  3439 | D:4      | Killed Natasha
  3463 | D:5      | Entered Level 5 of the Dungeon
  3564 | D:5      | Noticed Blork the orc
  3753 | D:5      | Killed Blork the orc
  3757 | D:5      | Reached *** piety under Uskayaw
  3842 | D:5      | Found a snail-covered altar of Cheibriados.
  3875 | D:5      | Reached skill level 1 in Invocations
  3875 | D:5      | Reached XP level 8. HP: 73/75 MP: 8/8
  4132 | D:6      | Found a staircase to the Ecumenical Temple.
  4190 | D:5      | Reached skill level 5 in Unarmed Combat
  4190 | D:5      | Reached skill level 1 in Evocations
  5130 | D:7      | Reached XP level 9. HP: 78/84 MP: 10/10
  5388 | D:7      | Reached **** piety under Uskayaw
  5510 | D:8      | Reached ***** piety under Uskayaw
  5515 | D:8      | Reached skill level 6 in Unarmed Combat
  6495 | D:9      | Noticed a troll
  6503 | D:9      | Killed a troll
  6574 | D:9      | Identified the +2 scale mail of the Original Sin {rPois
                  | Will+ Str+3}
  6576 | D:9      | Noticed a cyclops
  6596 | D:9      | Killed a cyclops
  6597 | D:9      | Reached XP level 10. HP: 94/94 MP: 12/12
  6599 | D:9      | Noticed a purple ugly thing
  6601 | D:9      | Noticed a cyan ugly thing
  6614 | D:9      | Killed a purple ugly thing
  6614 | D:9      | Noticed a black mamba
  6621 | D:9      | Reached ****** piety under Uskayaw
  6622 | D:9      | Noticed a cyclops
  6624 | D:9      | Slain by a cyan ugly thing

Illustrated notes

Levels and vault maps discovered:
D:1:      minmay_arrival_glassed_features, layout_loops_ring, chequers_big_river
D:2:      layout_loops_ring, shapermc_ecumenical_altar_rom_forum,
          minmay_split_cup_small, uniq_terence
D:3:      layout_loops_corners, nicolae_vehumet_radiance,
          minmay_misc_feat_more_columns, uniq_jessica
D:4:      layout_loops_ring, grunt_temple_overflow_diamond,
          gammafunk_ghost_necromancy, minmay_checkerbox, uniq_natasha,
          uniq_edmund, uniq_menkaure
D:5:      layout_rooms, cheibrodos_worm_habitat, uniq_blork_the_orc
D:6:      layout_loops_cross, minmay_temple_entry_arrows
D:7:      layout_cave_pools
D:8:      layout_loops_corners, nicolae_concentric_dashed_squares_mild,
          nicolae_nh_ransacked_shop
D:9:      minmay_cut_squares, layout_basic, serial_shops, shop,
          serial_bayou_pond_e

Skill      XL: |  1  2  3  4  5  6  7  8  9 10 |
---------------+-------------------------------+-----
Shields        | 3 4 |  4.9
Unarmed Combat | 3 4 5 6 |  6.8
Throwing       | 1 2 3 |  3.9
Maces & Flails | 1 2 3 |  3.9
Armour         | 1 2 3 |  3.4
Dodging        | 3 4 |  4.4
Fighting       | 3 4 |  4.5
Earth Magic    | 1 2 3 |  3.0
Spellcasting   | 1 2 |  2.5
Invocations    | 1 2 3 |  3.0
Evocations     | 1 2 |  2.4

Action                     |  1- 3 |  4- 6 |  7- 9 | 10-12 || total
---------------------------+-------+-------+-------+-------++-------
  Melee: Unarmed           |    74 |   133 |   361 |    24 ||   592
  Throw: Javelin           |       |       |    15 |       ||    15
         Dart              |       |       |     2 |       ||     2
         Boomerang         |       |       |     1 |       ||     1
   Cast: Sandblast         |       |       |     3 |       ||     3
 Invoke: Stomp             |       |       |       |     1 ||     1
  Evoke: Phial of floods   |       |       |     1 |       ||     1
    Use: Scroll            |     1 |     4 |     5 |       ||    10
         Potion            |       |     1 |       |     1 ||     2
   Stab: Paralysed         |       |       |    12 |       ||    12
 Armour: Robe              |    15 |    20 |    65 |       ||   100
         Troll leather arm |       |       |     5 |     3 ||     8
  Dodge: Dodged            |    15 |    39 |   112 |     2 ||   168
  Block: Kite shield       |    35 |    87 |   227 |     8 ||   357
         Reflection        |     2 |     2 |     3 |       ||     7
